 Dungeon Sprint DCSS version 0.23-a0-143-g1adec7b (webtiles) character file.

73 Faca the Skirmisher (level 4, -9/34 HPs)
             Began as a Gargoyle Fighter on Aug 31, 2018.
             Mangled by a water elemental (10 damage)
             ... in the Dungeon (Sprint III: "The Ten Rune Challenge").
             The game lasted 00:01:04 (253 turns).

Faca the Skirmisher (Gargoyle Fighter)               Turns: 253, Time: 00:01:05

Health: -9/34      AC: 10    Str: 20    XL:     4   Next: 27%
Magic:  4/4        EV:  7    Int:  9    God:
Gold:   14         SH:  9    Dex:  9    Spells: 3/3 levels left

rFire    . . .     SeeInvis .   a - +0 flail
rCold    . . .     Gourm    .   c - +0 shield
rNeg     + . .     Faith    .   b - +0 scale mail
rPois    ∞         Spirit   .   (no helmet)
rElec    +         Reflect  .   (no cloak)
rCorr    .         Harm     .   (no gloves)
MR       .....     NoTele   +   (no boots)
Stlth    ..........             (no amulet)
HPRegen  0.11/turn              (no ring)
MPRegen  0.09/turn              (no ring)

@: engulfed
A: negative energy resistance 1, electricity resistance, unbreathing,
petrification resistance, rot immunity, AC +3
a: no special abilities


You were in the Dungeon.
You were not hungry.

You visited 1 branch You collected 14 gold pieces.

Inventory:

Hand Weapons
 a - a +0 flail (weapon)
Armour
 b - a +0 scale mail (worn)
 c - a +0 shield (worn)
Scrolls
 k - a scroll of blinking
 m - 2 scrolls of immolation {unknown}
 n - 3 scrolls of remove curse {unknown}
 q - a scroll of torment {unknown}
Potions
 d - a potion of might
 e - a potion of curing
 g - 2 potions of heal wounds
 h - a potion of haste
 i - 2 potions of magic
 j - a potion of berserk rage
 l - 2 potions of mutation {unknown}
 o - a potion of lignification {unknown}
 p - 4 potions of flight
 r - a potion of invisibility {unknown}
Comestibles
 f - 3 rations


   Skills:
 + Level 7.0 Fighting
 + Level 5.9 Maces & Flails
 - Level 3.2 Armour
 - Level 3.2 Shields


You had 3 spell levels left.
You didn't know any spells.
Your spell library was empty.

Dungeon Overview and Level Annotations

Branches:
Dungeon (1/1)

Altars:


Innate Abilities, Weirdness & Mutations

You are resistant to torment.
Your stone body is resilient. (AC +3)
You are immune to poison.
You resist negative energy. (rN+)
You are resistant to electric shocks. (rElec)
You can survive without breathing.
You are immune to petrification.
You are immune to rotting.


Message History

The water elemental hits you.
* * * LOW HITPOINT WARNING * * *
You hit the water elemental but do no damage.
The water elemental is heavily damaged.
The water elemental barely misses you.
You hit the water elemental.
The water elemental is severely damaged.
The water elemental closely misses you.
You barely miss the water elemental.
The water elemental is severely damaged.
The water elemental hits you.
* * * LOW HITPOINT WARNING * * *
The water elemental barely misses you.
You barely miss the water elemental.
The water elemental is severely damaged.
The water elemental hits you.
You hit the water elemental.
The water elemental is almost destroyed.
The water elemental hits you!
You die...

▓▓▓▓▓▓▓ ▓▓▓ ..#(..####
##.# ..#......#####..#
.##.......#..#..#
#.##.##...#..#..###+#+##
#.##.###..##'#..#E......
.####.##..###...@.⌠.....
###..##..####...#...####
.....##†.###....#.⌠.#
##..##...##.....#...#
#..##....#......#+###
..###..##†#.....# ..#
#..#####....# ▓▓▓ ▓▓▓▓
▓▓▓▓▓▓


You could see a water elemental.

Vanquished Creatures
  A scorpion (D)
  A human (D)
  2 oozes (D)
  2 rats (D)
6 creatures vanquished.

Vanquished Creatures (others)
  2 draconian scorchers (D)
  6 hellions (D)
  A yaktaur (D)
  5 plants (D)
14 creatures vanquished.

Grand Total: 20 creatures vanquished

Notes
Turn   | Place    | Note
-------+----------+-------------------------------------------
     0 | D        | Faca the Gargoyle Fighter began the quest for the Orb.
     0 | D        | Reached XP level 1. HP: 14/14 MP: 1/1
    11 | D        | Reached skill level 4 in Fighting
    18 | D        | Reached XP level 2. HP: 19/20 MP: 2/2
    26 | D        | Killed a yaktaur
    78 | D        | Killed a hellion
   106 | D        | Killed a hellion
   120 | D        | Killed a hellion
   130 | D        | Killed a hellion
   132 | D        | Killed a hellion
   157 | D        | Reached skill level 5 in Fighting
   157 | D        | Reached XP level 3. HP: 22/27 MP: 3/3
   175 | D        | Killed a hellion
   207 | D        | Noticed a scorpion
   210 | D        | Killed a white draconian scorcher
   215 | D        | Killed a white draconian scorcher
   216 | D        | Killed a scorpion
   216 | D        | Reached skill level 7 in Fighting
   216 | D        | Reached skill level 5 in Maces & Flails
   216 | D        | Reached XP level 4. HP: 34/34 MP: 4/4
   240 | D        | Noticed a water elemental
   251 | D        | HP: 1/34 [water elemental (4)]
   253 | D        | Mangled by a water elemental

Vault maps used:
D:        dungeon_sprint_mu

Skill      XL: |  1  2  3 |
---------------+----------+-----
Fighting       | 4 5 7 |  7.0
Maces & Flails | 3 4 5 |  5.9
Armour         | |  3.2
Shields        | |  3.2

Action                   |  1- 3 |  4- 6 || total
-------------------------+-------+-------++-------
Melee: Flail             |    44 |    12 ||    56
Armor: Scale mail        |    11 |     2 ||    13
Dodge: Dodged            |    10 |     7 ||    17
Block: Shield            |    24 |     1 ||    25

Table legend:
 A = Non-vault XP
 B = Vault XP
 C = Vault XP percentage of total XP
 D = Non-vault monster count
 E = Vault monster count
 F = Vault count percentage of total count
                 A         B        C        D         E       F
            +---------+---------+-------+---------+---------+-------
      Total |       0 |     105 | 100.0 |       0 |       6 | 100.0
            +---------+---------+-------+---------+---------+-------
          D |       0 |     105 | 100.0 |       0 |       6 | 100.0
            +---------+---------+-------+---------+---------+-------
